AoeStats
← Der Sprudel

Arabian Desert

508618589Analyzed
1v1 RM · 9d ago on Sep 23, 2026· 48m 46s· 2 players
Game mode
Random Map
Map size
Tiny (2 player)
Population
200
Speed
Normal
Resources
Standard
Victory
Conquest
Starting age
Dark Age
Ending age
Imperial Age
RankedLock teamsTeams togetherTeam positionsShared explorationLock speedFull tech treeHidden civsTurbo modeCheats
Victory
Defeat
1312
+14
🇩🇪 Varangians · Germany
1268
-14
Der Sprudel
7:08 Loom
9:57 Feudal Age
10:14 Man-at-Arms
11:01 Double-Bit Axe
13:21 Horse Collar
22:30 Castle Age
20:31 Gold Mining
23:05 Scale Mail Armor
24:02 Chain Mail Armor
24:08 Bow Saw
24:23 Arson
24:53 Gambesons
25:15 Fletching
25:57 Town Watch
26:05 Elite Skirmisher
26:42 Bodkin Arrow
27:42 Padded Archer Armor
29:28 Forging
30:24 Wheelbarrow
32:26 Squires
33:42 Crossbowman
36:14 Hand Cart
37:29 Stone Mining
38:38 Leather Archer Armor
41:34 Ballistics
43:56 Imperial Age
43:21 Iron Casting
43:40 Stone Shaft Mining
44:52 Bracer
45:23 Plate Mail Armor
44:16 Elite Varangian Guard
46:34 Chemistry
46:07 Ring Archer Armor
46:38 Blast Furnace
46:46 Two-Man Saw
46:59 Conscription
double barrack mountain king
6:55 Loom
9:22 Feudal Age
10:56 Horse Collar
18:06 Wheelbarrow
20:06 Fletching
22:36 Castle Age
21:50 Bloodlines
21:31 Gold Mining
21:33 Stone Mining
22:37 Padded Archer Armor
23:32 Bodkin Arrow
23:54 Husbandry
25:41 Light Cavalry
28:25 Ballistics
34:00 Gold Shaft Mining
33:12 Double-Bit Axe
33:28 Heavy Plow
34:54 Scale Mail Armor
35:21 Bow Saw
41:20 Imperial Age
39:34 Squires
40:38 Hand Cart
41:24 Elite Hearth Troop
42:22 Chain Mail Armor
41:31 Shield Wall
42:45 Conscription
42:19 Arson
42:53 Pikeman
43:39 Man-at-Arms
44:07 Gambesons
44:56 Plate Mail Armor
44:56 Forging
44:23 Long Swordsman
45:08 Elite Skirmisher
46:50 Two-Handed Swordsman
Connection lost

Rejoining the realm…

Still unreachable

The connection could not be restored.

Session expired

The server has moved on; the page needs a fresh start.